 Dungeon Crawl Stone Soup version 0.20-a0-223-g066d66b (webtiles) character file.

1897 shinino the Spear-Bearer (level 8, -18/66 HPs)
             Began as a Minotaur Berserker on Nov 29, 2016.
             Was a Priest of Trog.
             Demolished by Duvessa
             ... wielding a +0 short sword of electrocution
              (19 damage)
             ... on level 6 of the Dungeon.
             The game lasted 00:11:22 (6283 turns).

shinino the Spear-Bearer (Minotaur Berserker)       Turns: 6283, Time: 00:11:23

Health: -18/66     AC:  7    Str: 21    XL:     8   Next: 93%
Magic:  7/7        EV: 14    Int:  4    God:    Trog [***...]
Gold:   40         SH:  0    Dex: 13    Spells: 7/7 levels left

rFire  . . .     SeeInvis .     a - +0 halberd
rCold  . . .     Gourm    .     i - +0 ring mail
rNeg   . . .     Faith    .     (shield currently unavailable)
rPois  .         Spirit   .     (helmet restricted)
rElec  .         Reflect  .     v - +1 cloak {MR+}
rCorr  .         Harm     .     (no gloves)
MR     +++..                    (no boots)
Stlth  ++........               (no amulet)
                                k - +3 ring of evasion
                                x - ring of stealth

@: regenerating
A: retaliatory headbutt, horns 2
a: Berserk, Trog's Hand, Burn Spellbooks, Renounce Religion


You were on level 6 of the Dungeon.
You worshipped Trog.
Trog was most pleased with you.
You were not hungry.

You visited 1 branch of the dungeon, and saw 6 of its levels.

You collected 221 gold pieces.
You spent 181 gold pieces at shops.

Inventory:

Hand Weapons
 a - a +0 halberd (weapon)
Armour
 i - a +0 ring mail (worn)
 v - a +1 cloak of magic resistance (worn)
Jewellery
 k - a +3 ring of evasion (right hand)
 x - a ring of stealth (left hand)
Wands
 B - a wand of lightning (11/15)
 C - a wand of flame (21/48)
Scrolls
 d - 3 scrolls of magic mapping
 e - 2 scrolls of fog {unknown}
 f - a scroll of random uselessness {unknown}
 l - 2 scrolls of recharging {unknown}
 p - 2 scrolls of enchant armour {unknown}
 r - a scroll of enchant weapon {unknown}
 s - 2 scrolls of noise
 u - 2 scrolls of teleportation {unknown}
 w - 2 scrolls of immolation {unknown}
 y - a scroll of blinking {unknown}
Potions
 b - 2 potions of lignification
 h - 3 potions of resistance
 j - 2 potions of flight
 q - 2 potions of brilliance {unknown}
 z - a potion of cancellation {unknown}
 A - a potion of agility {unknown}
Comestibles
 c - 6 bread rations
 g - 3 meat rations
 m - 2 royal jellies
 o - 6 chunks of flesh
 t - a slice of pizza


   Skills:
 + Level 4.3 Fighting
 + Level 13.3 Polearms
 + Level 3.4 Armour
 - Level 2.1 Dodging


You had 7 spell levels left.
You didn't know any spells.

Dungeon Overview and Level Annotations

Branches:
Dungeon (6/15)             Temple (0/1) D:4

Altars:
Dithmenos
Elyvilon
Makhleb
Qazlal
Xom
Zin
The Shining One

Shops:
D:5 [   D:6 ![

Annotations:
D:6 Duvessa


Innate Abilities, Weirdness & Mutations

You reflexively headbutt those who attack you in melee.
You have a pair of horns on your head.


Message History

You are electrocuted!
* * * LOW HITPOINT WARNING * * *
You feel better.
Duvessa hits you with a short sword of electrocution!
* * * LOW HITPOINT WARNING * * *
The adder completely misses you. Duvessa closely misses you.
You furiously retaliate!
You headbutt Duvessa.
You feel better. The adder bites you but does no damage.
Duvessa hits you with a short sword of electrocution!
* * * LOW HITPOINT WARNING * * *
You are electrocuted!
* * * LOW HITPOINT WARNING * * *
The adder closely misses you. You furiously retaliate!
You headbutt the adder!
You kill the adder!
Trog accepts your kill.
You feel better.
Duvessa hits you with a short sword of electrocution!
* * * LOW HITPOINT WARNING * * *
You are electrocuted!
You die...

### #.######.####.### #.# #.#
#.####.### #.# #.# #........# #.#
#.# #.####.#.# #.#####.#
#.#......#
#.......######.#.##.###
###########.##.##................
......)..........>##.###.#......#
.###.#.####...Ze@....##..........
#. ####.###########...)).. #.
#.................#)∩.# #.
#.##.###########..#.#.#
.#.####.##.# #..#.#.#
...........# #..#..<#
......##.#### #......# # #^###
#.# #....... # #.######.###
########


You could see Duvessa (berserk) and an adder skeleton.

Vanquished Creatures
  Eustachio (D:6)
  2 orc warriors (D:6)
  A sky beast (D:6)
  A phantom (D:4)
  3 centaurs
  Blork the orc (D:4)
  2 bullfrogs (D:6)
  3 scorpions
  A water moccasin skeleton (D:5)
  Dowan (D:6)
  A crimson imp (D:5)
  2 bullfrog skeletons
  A hound (D:5)
  4 orc priests
  6 orc wizards (D:4)
  2 worker ants
  A hound skeleton (D:5)
  Robin (D:2)
  4 gnolls
  10 adders
  3 oozes
  An adder skeleton (D:5)
  3 worms
  A dart slug (D:4)
  9 leopard geckos
  17 orcs
  4 bats
  4 giant cockroaches
  18 goblins
  7 hobgoblins
  6 kobolds
  A quokka (D:4)
  2 ball pythons
  6 frilled lizards
  A quokka skeleton (D:6)
  6 rats
137 creatures vanquished.

Notes
Turn   | Place    | Note
-------+----------+-------------------------------------------
     0 | D:1      | shinino the Minotaur Berserker began the quest for the Orb.
     0 | D:1      | Reached XP level 1. HP: 19/19 MP: 0/0
   191 | D:1      | Reached skill level 4 in Polearms
   261 | D:1      | Reached XP level 2. HP: 26/26 MP: 1/1
   918 | D:2      | Reached skill level 5 in Polearms
   922 | D:2      | Reached XP level 3. HP: 29/31 MP: 2/2
  1240 | D:2      | Noticed Robin
  1251 | D:2      | Reached ** piety under Trog
  1265 | D:2      | Reached XP level 4. HP: 26/39 MP: 3/3
  1274 | D:2      | Killed Robin
  1274 | D:2      | Reached skill level 6 in Polearms
  2194 | D:3      | Found a faded altar of an unknown god.
  2322 | D:3      | Reached XP level 5. HP: 45/45 MP: 4/4
  2496 | D:3      | Reached skill level 7 in Polearms
  2657 | D:4      | Noticed Blork the orc
  2664 | D:4      | Killed Blork the orc
  2837 | D:4      | Reached skill level 8 in Polearms
  2838 | D:4      | Reached XP level 6. HP: 44/51 MP: 5/5
  3042 | D:4      | Found a staircase to the Ecumenical Temple.
  3106 | D:4      | Reached *** piety under Trog
  3319 | D:4      | Reached skill level 9 in Polearms
  3419 | D:4      | Found a white marble altar of Elyvilon.
  3649 | D:4      | Found a shadowy altar of Dithmenos.
  3659 | D:4      | Reached XP level 7. HP: 43/57 MP: 6/6
  3774 | D:5      | Entered Level 5 of the Dungeon
  3831 | D:5      | Reached skill level 10 in Polearms
  4809 | D:5      | Reached skill level 11 in Polearms
  5075 | D:5      | Received a gift from Trog
  5087 | D:5      | Reached XP level 8. HP: 58/64 MP: 7/7
  5127 | D:5      | Got a jewelled hand axe
  5171 | D:5      | Found Pifidian's Armour Shop.
  5266 | D:6      | Found Hyileopp's Armour Shop.
  5279 | D:6      | Reached skill level 12 in Polearms
  5379 | D:6      | Bought a +1 cloak of magic resistance for 181 gold pieces
  5687 | D:6      | Found a stormy altar of Qazlal.
  5746 | D:6      | Found a glowing golden altar of the Shining One.
  5770 | D:6      | Noticed Eustachio
  5797 | D:6      | Killed Eustachio
  5797 | D:6      | Reached skill level 13 in Polearms
  5831 | D:6      | Found Xuss's Distillery.
  6134 | D:6      | Found a shimmering altar of Xom.
  6136 | D:6      | Found a blossoming altar of Fedhas.
  6136 | D:6      | Found a glowing silver altar of Zin.
  6139 | D:6      | Found a stormy altar of Qazlal.
  6139 | D:6      | Found a glowing silver altar of Zin.
  6139 | D:6      | Found a burning altar of Makhleb.
  6261 | D:6      | Noticed Dowan
  6264 | D:6      | Noticed Duvessa
  6266 | D:6      | Killed Dowan
  6282 | D:6      | HP: 2/66 [Duvessa/short sword of electrocution (8)]
  6283 | D:6      | Demolished by Duvessa

Vault maps used:
D:1:      dpeg_arrival_boxes_within_box
D:2:      first_bread, kennysheep_cluttered_room, uniq_robin
D:3:      chequers_ecumenical_altar_lobes
D:4:      elyvilon_altar_1, grunt_dithmenos_shadows, uniq_blork_the_orc
D:5:      serial_shops, kennysheep_little_box
D:6:      grunt_qazlal_sundering, nicolae_overflow_crystal_walls, serial_shops,
          shop, shop, doesnt_xom_only_xom, uniq_eustachio, uniq_duvessa

Skill      XL: |  1  2  3  4  5  6  7  8 |
---------------+-------------------------+-----
Polearms       | 4 5 6 8 9 11 13 | 13.3
Fighting       | 4 |  4.3
Armour         | 3 |  3.4
Dodging        | |  2.1

Action                   |  1- 3 |  4- 6 |  7- 9 || total
-------------------------+-------+-------+-------++-------
Melee: Spear             |    97 |   196 |    37 ||   330
       Headbutt          |    11 |    26 |    31 ||    68
       Trident           |       |       |    76 ||    76
       Halberd           |       |       |    85 ||    85
Invok: Trog's Hand       |     1 |     2 |     4 ||     7
       Berserk           |       |     1 |       ||     1
       Burn Spellbooks   |       |       |     1 ||     1
  Use: Scroll            |       |     6 |     1 ||     7
       Potion            |       |       |     6 ||     6
 Stab: Sleeping          |       |       |     2 ||     2
       Distracted        |       |       |     1 ||     1
  Eat: Chunk             |     1 |     9 |     8 ||    18
       Fruit             |       |       |     1 ||     1
       Pizza             |       |       |     1 ||     1
Armor: Animal skin       |     2 |       |       ||     2
       Ring mail         |    26 |    33 |    37 ||    96
       Skin              |       |       |    32 ||    32
Dodge: Dodged            |    38 |    58 |   102 ||   198
